 Dungeon Crawl Stone Soup version 0.31.0-11-ge490571c62 (webtiles) character file.

Game seed: 13557603918968772749

3240 jestert79 the Grappler (level 9, -7/79 HPs)
             Began as a Troll Wanderer on Feb 9, 2024.
             Was a Believer of Wu Jian.
             Mangled by a cyan ugly thing (14 damage)
             ... on level 9 of the Dungeon.
             The game lasted 00:11:09 (6967 turns).

jestert79 the Grappler (Troll Wanderer)             Turns: 6967, Time: 00:11:10

Health: -7/79      AC:  7    Str: 23    XL:     9   Next: 67%
Magic:  9/9        EV: 10    Int:  7    God:    Wu Jian [**....]
Gold:   480        SH:  0    Dex: 13    Spells: 10/10 levels left

rFire   . .          .
                       - Unarmed
rCold   . . .        (no shield)
rNeg    . . .        v - +0 troll leather armour {Pargi}
rPois   .            (helmet restricted)
rElec   .            F - +1 cloak
rCorr   .            (gloves unavailable)
SInv    .            (boots unavailable)
Will    .....        (no amulet)
Stlth   +            (no ring)
HPRegen 1.93/turn    (no ring)
MPRegen 0.11/turn

%: no passive effects
@: no status effects
A: large, unfitting armour, claws 3, regeneration 1, shaggy fur 1, tough skin 1
a: Renounce Religion, Wall Jump


You were on level 9 of the Dungeon.
You worshipped Wu Jian.
Wu Jian was pleased with you.
You visited 1 branch of the dungeon, and saw 9 of its levels.
You also visited: Sewer.

You collected 568 gold pieces.
You spent 88 gold pieces at shops.

Inventory:

Missiles
 b - 25 poisoned darts
 y - a throwing net
 C - 6 darts of dispersal
Armour
 v - a +0 troll leather armour (worn) {Pargi}
 F - a +1 cloak (worn)
Jewellery
 j - a ring of ice
Wands
 p - a wand of digging (4)
 w - a wand of roots (11)
 G - a wand of flame (26)
Scrolls
 a - 4 scrolls of revelation
 c - a scroll of fear
 d - a scroll of enchant weapon
 e - a scroll of amnesia
 g - 3 scrolls of teleportation
 h - a scroll of fog
 i - a scroll of immolation
 q - 3 scrolls of enchant armour
 B - 5 scrolls of vulnerability
Potions
 f - 2 potions of attraction
 k - a potion of berserk rage
 l - a potion of haste {unknown}
 m - 4 potions of lignification
 n - a potion of cancellation
 r - a potion of mutation
 s - 2 potions of magic
 t - a potion of might
 u - a potion of brilliance {unknown}
 x - 2 potions of curing
 z - 3 potions of heal wounds
 D - a potion of invisibility


   Skills:
 + Level 1.9 Fighting
 - Level 1.0 Throwing
 + Level 2.0 Armour
 + Level 1.9 Dodging
 + Level 12.7 Unarmed Combat
 - Level 1.2 Spellcasting
 - Level 1.2 Hexes
 - Level 3.7 Ice Magic


You had 10 spell levels left.
You didn't know any spells.
Your spell library contained the following spells:

 Spells                   Type           Power      Damage    Failure   Level
 Freeze                   Ice            20%        1d4       11%         1
 Ensorcelled Hibernation  Hex/Ice        6%         N/A       26%         2
 Slow                     Hex            8%         N/A       28%         1
 Frozen Ramparts          Ice            10%        1d2       30%         3
 Ozocubu's Armour         Ice            5%         N/A       30%         3
 Hailstorm                Conj/Ice       3%         3d5       54%         3
 Summon Ice Beast         Ice/Summ       3%         N/A       54%         3
 Tukima's Dance           Hex            2%         N/A       65%         3
 Fugue of the Fallen      Necr           0%         N/A       82%         3
 Passwall                 Erth           0%         N/A       82%         3
 Swiftness                Air            0%         N/A       82%         3
 Manifold Assault         Tloc           0%         N/A       99%         4
 Olgreb's Toxic Radiance  Alch           0%         N/A       99%         4
 Sculpt Simulacrum        Ice/Alch       1%         N/A       100%        6
 Ozocubu's Refrigeration  Ice            2%         4d8       100%        7
 Discord                  Hex            1%         N/A       100%        8
 Polar Vortex             Ice            2%         N/A       100%        9


Dungeon Overview and Level Annotations

Branches:
Dungeon (9/15)             Temple (0/1) D:4           Sewer (visited)
   Lair: D:8-11         Orc: D:9-12

Altars:
Dithmenos
Fedhas
Hepliaklqana
Wu Jian
Xom
Yredelemnul

Shops:
D:2 :[   D:4 (   D:6 =


Innate Abilities, Weirdness & Mutations

You are too large for most types of armour.
You have claws for hands.
Your natural rate of healing is unusually fast.
You are covered in fur. (AC +1)
You have tough skin. (AC +1)


Message History

Done exploring.
Done exploring.
Done exploring.
Done exploring.
There is a stone staircase leading down here.
You climb downwards.
There is a stone staircase leading up here.
You open the door.
A deep elf pyromancer comes into view. It is wielding a +0 short sword.
Found a club.
Found an escape hatch in the floor.
A deep elf pyromancer is nearby!
A cyan ugly thing comes into view.
Found two escape hatches in the ceiling and an escape hatch in the floor.
The cyan ugly thing gurgles horribly!
The deep elf pyromancer casts a spell.
There is an open door here.
Unknown command.
Unknown command.
Unknown command.
You lunge at the cyan ugly thing, in a flurry of attacks.
You closely miss the cyan ugly thing. You claw the cyan ugly thing!
The cyan ugly thing is lightly wounded.
The cyan ugly thing misses you.
You closely miss the cyan ugly thing. You claw the cyan ugly thing.
The cyan ugly thing is moderately wounded.
The cyan ugly thing engulfs you! The cyan ugly thing shocks you!
Unknown command.
You barely miss the cyan ugly thing.
The cyan ugly thing is moderately wounded.
The fire elemental hits you. The fire elemental burns you!
The cyan ugly thing engulfs you. The cyan ugly thing shocks you!
Unknown command.
You mangle the cyan ugly thing!!
The cyan ugly thing is heavily wounded.
The fire elemental hits you. The fire elemental burns you!
* * * LOW HITPOINT WARNING * * *
The cyan ugly thing engulfs you!
* * * LOW HITPOINT WARNING * * *
The cyan ugly thing shocks you!
You die...

#<# ##.##
#...# ##...##
#.....#
##.....##
#.......#
##.#..E#.##
#....○u@..#
#####°#####
#<...e.☼...<#
#...)....u..#
#>.........>#
######+######


You could see a cyan ugly thing, a deep elf pyromancer and a fire elemental
(summoned).

Vanquished Creatures
  Grinder (D:3)
  Grum (D:8)
  A steam dragon (D:8)
  4 water moccasins
  Pargi (Sewer)
  A black bear (D:6)
  A sky beast (D:7)
  2 wolves (D:8)
  2 centaurs
  3 phantoms (D:6)
  A kobold brigand (D:7)
  A brain worm (Sewer)
  3 bullfrogs
  A gnoll sergeant (D:7)
  A scorpion (D:5)
  5 killer bees (D:7)
  A howler monkey (D:5)
  2 bombardier beetles
  An orc priest (D:4)
  A gnoll bouda (D:8)
  3 hounds (D:5)
  A sleepcap (D:8)
  Terence (D:2)
  Ijyb (D:3)
  3 iguanas
  4 orc wizards
  17 gnolls
  6 adders
  2 shadow imps
  3 white imps
  2 ufetubi (D:7)
  A ribbon worm (D:2)
  2 dart slugs
  15 orcs
  3 endoplasms
  5 giant cockroaches
  8 goblins
  5 hobgoblins
  2 jackals (D:5)
  6 quokkas
  4 ball pythons
  2 bats (D:2)
  6 frilled lizards
  13 kobolds
  6 rats
155 creatures vanquished.

Notes
Turn   | Place    | Note
-------+----------+-------------------------------------------
     0 | D:1      | jestert79 the Troll Wanderer began the quest for the Orb.
     0 | D:1      | jestert79 set off with the following items: a +0 dagger, 12
                  | poisoned darts, a scroll of fear, a +0 robe; and the
                  | following spells available to memorise: Freeze, Slow,
                  | Ozocubu's Armour, Summon Ice Beast, Tukima's Dance.
     0 | D:1      | Reached XP level 1. HP: 16/16 MP: 1/1
   157 | D:1      | Reached skill level 1 in Unarmed Combat
   312 | D:1      | Reached XP level 2. HP: 24/24 MP: 2/2
   337 | D:1      | Reached skill level 2 in Unarmed Combat
   933 | D:2      | Reached XP level 3. HP: 29/31 MP: 3/3
   938 | D:2      | Found Riusy's Book Shop.
   984 | D:2      | Found a shimmering altar of Xom.
  1059 | D:2      | Found Feiryl's Antique Armour Shoppe.
  1062 | D:2      | Bought a runed robe for 88 gold pieces
  1293 | D:2      | Reached skill level 3 in Unarmed Combat
  1453 | D:2      | Noticed Terence
  1457 | D:2      | Killed Terence
  1458 | D:2      | Reached XP level 4. HP: 34/39 MP: 4/4
  1921 | D:3      | Reached skill level 4 in Unarmed Combat
  1939 | D:3      | Found a glowing drain.
  1954 | Sewer    | Entered a sewer
  2005 | Sewer    | Noticed a brain worm
  2009 | Sewer    | Killed a brain worm
  2010 | Sewer    | Reached skill level 5 in Unarmed Combat
  2010 | Sewer    | Reached XP level 5. HP: 45/45 MP: 5/5
  2044 | Sewer    | Noticed Pargi
  2063 | Sewer    | Killed Pargi
  2178 | D:3      | Reached XP level 6. HP: 50/53 MP: 6/6
  2230 | D:3      | Noticed Grinder
  2237 | D:3      | Killed Grinder
  2238 | D:3      | Reached skill level 7 in Unarmed Combat
  2416 | D:3      | Noticed Ijyb
  2422 | D:3      | Killed Ijyb
  2442 | D:3      | Found a shadowy altar of Dithmenos.
  2448 | D:3      | Found an ornate altar of the Wu Jian Council.
  2513 | D:3      | Reached XP level 7. HP: 59/59 MP: 7/7
  2557 | D:3      | Found a blossoming altar of Fedhas.
  2765 | D:3      | Became a worshipper of the Wu Jian Council
  3177 | D:4      | Found a hazy altar of Hepliaklqana.
  3263 | D:4      | Found a staircase to the Ecumenical Temple.
  3305 | D:4      | Found a basalt altar of Yredelemnul.
  3559 | D:4      | Found Lodumu's Antique Weapon Emporium.
  3775 | D:5      | Entered Level 5 of the Dungeon
  3874 | D:5      | Reached skill level 8 in Unarmed Combat
  4466 | D:5      | Reached skill level 9 in Unarmed Combat
  4639 | D:5      | Reached * piety under Wu Jian
  4648 | D:5      | Reached XP level 8. HP: 39/67 MP: 8/8
  5198 | D:6      | Reached skill level 10 in Unarmed Combat
  5489 | D:6      | Found Ryjungy's Jewellery Emporium.
  5738 | D:7      | Reached skill level 11 in Unarmed Combat
  6028 | D:7      | Reached XP level 9. HP: 74/74 MP: 9/9
  6058 | D:7      | Reached skill level 12 in Unarmed Combat
  6173 | D:7      | Reached ** piety under Wu Jian
  6472 | D:8      | Noticed Grum
  6478 | D:8      | Killed Grum
  6482 | D:8      | Reached skill level 1 in Fighting
  6482 | D:8      | Reached skill level 1 in Armour
  6482 | D:8      | Reached skill level 1 in Dodging
  6957 | D:9      | Noticed a deep elf pyromancer
  6958 | D:9      | Noticed a cyan ugly thing
  6967 | D:9      | Mangled by a cyan ugly thing

Illustrated notes

Levels and vault maps discovered:
D:1:      saegor_arrival_miasma, layout_basic
D:2:      layout_loops_corners, basic_altar, serial_shops,
          nicolae_shop_pleasant_corner_grove, nicolae_shop_behind_doors,
          uniq_terence
D:3:      layout_basic, gammafunk_temple_overflow_forgotten,
          portal_sewer_entry_f, uniq_ijyb, uniq_grinder
D:4:      layout_basic, yredelemnul_altar_generic,
          mainiacjoe_overflow_small_starburst, minmay_temple_entry_glass,
          serial_shops, shop
D:5:      layout_layer_cave, chequers_serial_rivers_small_b,
          cheibrodos_gnoll_hut
D:6:      layout_basic, serial_shops, shop, serial_glass, glass_columns_a,
          glass_columns_b
D:7:      layout_basic
D:8:      layout_rooms, uniq_grum
D:9:      minmay_diamond_stairs, layout_irregular_city, lemuel_tele_altar,
          kennysheep_orc_sif_temple, mainiacjoe_overflow_cross_hatched,
          serial_co_window_serial, co_window_of_opportunity_a,
          co_window_corner_a, co_window_corner_a, co_window_of_opportunity_a,
          co_window_paths_a, co_window_paths_a, co_window_of_opportunity_a,
          co_window_corner_a, co_window_corner_a, co_window_2corner,
          co_window_corner_cb, co_window_unsneaky_path_b, glass_columns_c,
          glass_columns_b, glass_columns_a, glass_columns_a

Skill      XL: |  1  2  3  4  5  6  7  8  9 |
---------------+----------------------------+-----
Unarmed Combat | 1 2 3 5 7 9 11 12 | 12.7
Fighting       | 1 |  1.9
Armour         | 2 |  2.0
Dodging        | 1 |  1.9
Throwing       | |  1.0
Spellcasting   | |  1.2
Hexes          | |  1.2
Ice Magic      | |  3.7

Action                     |  1- 3 |  4- 6 |  7- 9 || total
---------------------------+-------+-------+-------++-------
  Melee: Unarmed           |    74 |    73 |   288 ||   435
         Punch             |     1 |     1 |    14 ||    16
  Throw: Dart              |       |     4 |     1 ||     5
Ability: Lunge             |       |       |    34 ||    34
         Whirlwind         |       |       |     8 ||     8
    Use: Scroll            |       |       |    21 ||    21
   Stab: Sleeping          |     2 |       |       ||     2
 Armour: Robe              |    39 |    53 |    41 ||   133
         Troll leather arm |       |       |   135 ||   135
  Dodge: Dodged            |    24 |    30 |   111 ||   165
